 Dungeon Crawl Stone Soup version 0.32-a0-120-gfac0567ad4 (webtiles) character file.

Game seed: 7850815100696524512

1 Bravepunisher the Ducker (level 1, 0/11 HPs)
             Began as a Spriggan Monk on Feb 6, 2024.
             Slain by a kobold
             ... wielding a +0 short sword
              (3 damage)
             ... on level 1 of the Dungeon.
             The game lasted 00:00:19 (32 turns).

Bravepunisher the Ducker (Spriggan Monk)              Turns: 32, Time: 00:00:19

Health: 0/11       AC:  2    Str:  7    XL:     1   Next: 16%
Magic:  2/2        EV: 18    Int: 11    God:
Gold:   0          SH:  0    Dex: 17    Spells: 0/0 levels left

rFire   . . .        a - +0 short sword
rCold   . . .        (no shield)
rNeg    . . .        b - +0 robe
rPois   .            (helmet restricted)
rElec   .            (no cloak)
rCorr   .            (gloves unavailable)
SInv    +            (boots unavailable)
Will    .....        (no amulet)
Stlth   ++           (no ring)
HPRegen 0.21/turn    (no ring)
MPRegen 0.08/turn

%: no passive effects
@: very quick
A: very small, no large weapons, unfitting armour, see invisible, speed 3
a: no special abilities


You were on level 1 of the Dungeon.
You visited 1 branch of the dungeon, and saw 1 of its levels.

Inventory:

Hand Weapons
 a - a +0 short sword (weapon)
Armour
 b - a +0 robe (worn)
Potions
 c - a potion of ambrosia


   Skills:
 + Level 2.4 Fighting
 - Level 3.2 Short Blades
 * Level 4.1 Dodging


You couldn't memorise any spells.
You didn't know any spells.
Your spell library was empty.

Dungeon Overview and Level Annotations

Branches:
Dungeon (1/15)

Altars:


Innate Abilities, Weirdness & Mutations

You are very small and have problems with some larger weapons.
You are too small for most types of armour.
You have supernaturally acute eyesight. (SInv)
You cover ground extremely quickly. (Speed+++)


Message History

Welcome, Bravepunisher the Spriggan Monk.
Will you be the one to retrieve the wondrous Orb of Zot from the depths?
Press ? for a list of commands and other information.
Found a staircase leading out of the dungeon.
You start removing your armour.
You continue taking off your orb of light. x4
You finish taking off your orb of light.
You drop an orb of light.
Found a sling and a robe.
Things that are here:
a +0 robe; 8 stones You open the door.
A kobold comes into view. It is wielding a +0 club.
Found 10 gold pieces.
There is an open door here.
A bat comes into view.
The kobold shouts!
You see here 10 gold pieces.
The kobold hits you with a +0 club.
You hit the kobold but do no damage. The bat misses you.
The kobold barely misses you.
You hit the bat.
The bat is heavily wounded.
The bat hits you. The kobold misses you.
You hit the bat.
You kill the bat!
You barely miss the kobold. The kobold hits you with a +0 club.
You hit the kobold but do no damage. The kobold hits you with a +0 club.
A kobold comes into view. It is wielding a +0 short sword.
You hit the kobold but do no damage. The kobold completely misses you.
You closely miss the kobold. The kobold closely misses you.
You completely miss the kobold.
The kobold hits you with a +0 short sword.
* * * LOW HITPOINT WARNING * * *
You miss the kobold. The kobold barely misses you.
You barely miss the kobold. The kobold hits you but does no damage.
You hit the kobold.
The kobold is moderately wounded.
The kobold hits you with a +0 short sword.
You die...

#+# #.# ###.### ###
#..<..# ..#
######.#######.#
+...........).+.#
####.#####[####@#
#.#####.####K##
.........'.$K†#
####.######.........
.. ######..## ## ##


You could see 2 kobolds.

Vanquished Creatures
  A bat (D:1)
1 creature vanquished.

Notes
Turn   | Place    | Note
-------+----------+-------------------------------------------
     0 | D:1      | Bravepunisher the Spriggan Monk began the quest for the
                  | Orb.
     0 | D:1      | Reached XP level 1. HP: 11/11 MP: 2/2
    32 | D:1      | Slain by a kobold

Illustrated notes

Levels and vault maps discovered:
D:1:      shiori_shiawase, layout_rooms, shapermc_ecumenical_altar_notcrosses,
          corexii_leaking_fountain, minmay_vboxes

Action                     || total
---------------------------++-------
  Melee: Short sword       ||    11
 Armour: Robe              ||     7
  Dodge: Dodged            ||     6

Table legend: (Time is in decaauts)
 A = Elapsed time spent in this place.
 B = Non-inter-level travel time spent in this place.
 C = Inter-level travel time spent in this place.
 D = Time resting spent in this place.
 E = Time spent auto-exploring this place.
 F = Levels seen in this place.
 G = Mean time per level.
                   A        B        C        D        E       F      G
               +--------+--------+--------+--------+--------+-----+--------+
         Total |     25 |     25 |      0 |      0 |      4 |   1 |   25.0 |
       Dungeon |     25 |     25 |      0 |      0 |      4 |   1 |   25.0 |
               +--------+--------+--------+--------+--------+-----+--------+

Top non-repeatable levels by time:
     D:1: 25 daAuts
